 Dungeon Crawl Stone Soup version 0.30-a0-728-gc68057be0a (webtiles) character file.

Game seed: 3051190326314073819

17526 Lavandula the Fencer (level 12, -1/67 (81) HPs)
             Began as a Human Monk on Jan 31, 2023.
             Was a Priest of Elyvilon.
             Slain by a minotaur
             ... wielding the +3 halberd "Kojav" {drain, *Noise rC+++ Int-2 Stlth+}
              (19 damage)
             ... in a Gauntlet.
             The game lasted 00:29:48 (10612 turns).

Lavandula the Fencer (Human Monk)                  Turns: 10612, Time: 00:29:48

HP:   -1/67 (81)    AC: 12    Str: 12    XL:     12   Next: 83%
MP:   11/19         EV: 16    Int: 12    God:    Elyvilon [***...]
Gold: 695           SH:  0    Dex: 19    Spells: 9/11 levels left

rFire   . . .      SeeInvis +    n - +4 scimitar (flame)
rCold   . . .      Faith    .    (no shield)
rNeg    . . .      Spirit   .    C - +0 acid dragon scales
rPois   .          Reflect  .    (no helmet)
rElec   .          Harm     .    (no cloak)
rCorr   +          Rampage  .    e - +1 pair of gloves
Will    .....      NoTele   +    (no boots)
Stlth   ++                       r - amulet of regeneration
HPRegen 1.11/turn                N - ring of see invisible
MPRegen 0.16/turn                D - +4 ring of protection

@: mighty, heavily drained
A: no striking features
a: Renounce Religion, Purification, Heal Other, Heal Self


You were in a Gauntlet.
You worshipped Elyvilon.
Elyvilon was most pleased with you.
You visited 3 branches of the dungeon, and saw 14 of its levels.
You also visited: Gauntlet.

You collected 695 gold pieces.

Inventory:

Hand Weapons
 a - the +6 long sword "Obloefa" {freeze, rF++ Str+8}
   (You found it on level 6 of the Dungeon)

   Str:       It affects your strength (+8).
   rF:        It greatly protects you from fire.
 c - a +1 short sword of speed
 k - a +5 scimitar of protection
 n - a +4 scimitar of flaming (weapon)
 F - a +0 dagger of venom
Missiles
 w - 19 poisoned darts (quivered)
 A - 4 datura-tipped darts
 L - 4 silver javelins
 T - 4 throwing nets
Armour
 b - a +0 robe
 e - a +1 pair of gloves (worn)
 h - a +0 leather armour
 u - a +0 ring mail
 C - +0 acid dragon scales (worn)
 G - a +0 scale mail
 I - a +2 leather armour of cold resistance
 Q - a +2 ring mail of poison resistance
Jewellery
 p - the ring of Pantheism {rPois rC+ Dex+6 Slay-5}
   (You found it on level 2 of the Dungeon)

   [ring of dexterity]

   Dex:       It affects your dexterity (+6).
   Slay:      It affects your accuracy & damage with ranged weapons and melee
   (-5).
   rC:        It protects you from cold.
   rPois:     It protects you from poison.
 q - a ring of resist corrosion
 r - an amulet of regeneration (around neck)
 t - the ring "Uniduif" {Fire rPois}
   (You found it in a Gauntlet)

   [ring of fire]

   It enhances your fire magic.
   rF:        It protects you from fire.
   rC:        It makes you vulnerable to cold.
   rPois:     It protects you from poison.
 v - a +6 ring of dexterity
 z - a ring of magical power
 D - a +4 ring of protection (right hand)
 J - a ring of fire
 N - a ring of see invisible (left hand)
 O - a ring of poison resistance
 R - a ring of positive energy
Wands
 B - a wand of flame (11)
 E - a wand of roots (35)
Scrolls
 d - a scroll of enchant weapon {unknown}
 f - 2 scrolls of enchant armour {unknown}
 g - 2 scrolls of amnesia
 y - 3 scrolls of vulnerability
 H - 3 scrolls of poison
 K - a scroll of noise {unknown}
Potions
 i - 3 potions of might
 j - 3 potions of brilliance {unknown}
 l - 3 potions of cancellation {unknown}
 m - 11 potions of ambrosia
 o - 2 potions of lignification
 s - 3 potions of flight {unknown}
 x - 3 potions of degeneration
 U - a potion of heal wounds {unknown}
Miscellaneous
 P - a tin of tremorstones (inert)


   Skills:
 - Level 3.0 Fighting
 - Level 15.6 Long Blades
 - Level 3.0 Armour
 - Level 8.6 Dodging
 - Level 2.0 Stealth
 + Level 2.1 Translocations
 - Level 10.2 Invocations


You had 9 spell levels left.
You knew the following spells:

 Your Spells              Type           Power      Damage    Failure   Level
a - Blink                 Tloc           10%        N/A       30%         2

Your spell library contained the following spells:

 Spells                   Type           Power      Damage    Failure   Level
 Slow                     Hex            0%         N/A       43%         1
 Call Imp                 Summ           0%         N/A       58%         2
 Cigotuvi's Dreadful Rot  Necr/Pois/Air  0%         N/A       58%         2
 Poisonous Vapours        Pois/Air       0%         N/A       58%         2
 Sublimation of Blood     Necr           0%         N/A       58%         2
 Wereblood                Tmut           0%         N/A       58%         2
 Kindle Blastsparks       Fire/Tloc/Air  2%         2d10      73%         3
 Confusing Touch          Hex            0%         N/A       82%         3
 Ignite Poison            Fire/Tmut/Pois 0%         N/A       82%         3
 Mephitic Cloud           Conj/Pois/Air  0%         N/A       82%         3
 Vampiric Draining        Necr           0%         2d6       82%         3
 Ice Form                 Ice/Tmut       0%         N/A       99%         4
 Blade Hands              Tmut           0%         N/A       100%        5
 Freezing Cloud           Conj/Ice/Air   0%         6-21      100%        5
 Summon Hydra             Summ           0%         N/A       100%        7
 Dragon's Call            Summ           0%         N/A       100%        9


Dungeon Overview and Level Annotations

Branches:
Dungeon (11/15)            Temple (1/1) D:5            Lair (2/5) D:9
 Shoals (0/4) Lair:2      Gauntlet (1/1)
  Snake: Lair:2-3    Spider: Lair:2-3       Orc: D:9-12

Altars:
Ashenzari
Cheibriados
Dithmenos
Elyvilon
Fedhas
Gozag
Hepliaklqana
Kikubaaqudgha
Makhleb
Nemelex Xobeh
Okawaru
Qazlal
Ru
Sif Muna
Trog
Uskayaw
Wu Jian
Xom
Zin
The Shining One

Annotations:
D:11 Sonja Gauntlet 8 transporters


Message History

You open the door.
A minotaur comes into view.
It is wielding the +3 halberd "Kojav" {drain, *Noise rC+++ Int-2 Stlth+}.
Found a glowing flail.
Found a gate leading back out of this place.
There is an open door here.
The minotaur bellows!
The minotaur hits you with the +3 halberd "Kojav" {drain, *Noise rC+++ Int-2 Stlth+}!!
You feel drained.
The minotaur gores you but does no damage.
You barely miss the minotaur. The minotaur barely misses you.
The minotaur gores you!
You slash the minotaur! You burn the minotaur.
The minotaur is lightly wounded.
You barely miss the minotaur.
The minotaur is lightly wounded.
The minotaur hits you with the +3 halberd "Kojav" {drain, *Noise rC+++ Int-2 Stlth+}!!
* * * LOW HITPOINT WARNING * * *
You feel drained.
* * * LOW HITPOINT WARNING * * *
The minotaur barely misses you.
You are healed.
The minotaur misses you. The minotaur gores you.
Press: ? - help, Dir - move target, f - minotaur Heal: a minotaur, wielding the +3 halberd "Kojav" {drain, *Noise rC+++ Int-2 Stlth+}, wearing a +0 plate armour and quivering javelins (lightly wounded, chance to pacify: 22%)
Press: ? - help, Dir - move target, f - minotaur Heal: a minotaur, wielding the +3 halberd "Kojav" {drain, *Noise rC+++ Int-2 Stlth+}, wearing a +0 plate armour and quivering javelins (lightly wounded, chance to pacify: 22%)
The light of Elyvilon fails to reach the minotaur.
The minotaur barely misses you. The minotaur gores you!
Press: ? - help, Dir - move target, f/p - minotaur Heal: a minotaur, wielding the +3 halberd "Kojav" {drain, *Noise rC+++ Int-2 Stlth+}, wearing a +0 plate armour and quivering javelins (lightly wounded, chance to pacify: 22%)
The light of Elyvilon fails to reach the minotaur.
The minotaur hits you with the +3 halberd "Kojav" {drain, *Noise rC+++ Int-2 Stlth+}!!!
Elyvilon protects you from harm!
You feel drained.
* * * LOW HITPOINT WARNING * * *
The minotaur completely misses you.
Press: ? - help, Dir - move target, f/p - minotaur Heal: a minotaur, wielding the +3 halberd "Kojav" {drain, *Noise rC+++ Int-2 Stlth+}, wearing a +0 plate armour and quivering javelins (lightly wounded, chance to pacify: 22%)
The light of Elyvilon fails to reach the minotaur.
The minotaur hits you with the +3 halberd "Kojav" {drain, *Noise rC+++ Int-2 Stlth+}!!
You die...

#§...............≈#
#####.###.###.#####
###.###.###.##
#.............#
#.###.###.###.#
#.............#
#######'######
###.## #.∩@.#
#.H.⌠+ +⌠...#
#..⌠.# ###+##


You could see a minotaur.

Vanquished Creatures
  A yaktaur captain (D:10)
  Harold (D:9)
  Erica (Lair:1)
  A catoblepas (Gauntlet)
  A two-headed ogre (D:10)
  Amaemon (Lair:1)
  An orange demon (Lair:1)
  A cane toad (Lair:1)
  A gargoyle (D:11)
  2 kobold demonologists (D:9)
  2 komodo dragons (Lair:1)
  3 trolls (D:10)
  Grinder (D:5)
  A hornet (D:7)
  9 blink frogs
  9 yaks
  A shadow (D:9)
  A wraith (D:11)
  3 wyverns
  A basilisk (Lair:2)
  6 vampire mosquitoes
  6 water moccasins
  An acid dragon (D:9)
  2 hell hounds (Gauntlet)
  3 orc warriors
  A sky beast (D:6)
  5 black bears
  2 ogres
  5 centaurs
  A phantom (D:4)
  3 kobold brigands (D:9)
  5 bullfrogs
  2 scorpions
  4 necrophages
  5 wights (D:7)
  36 killer bees
  3 howler monkeys
  A hound (D:4)
  3 orc priests (D:3)
  A gnoll bouda (D:8)
  Jessica (D:3)
  An iguana (D:7)
  5 orc wizards
  8 gnolls
  9 adders
  A white imp (D:7)
  2 worms
  5 dart slugs
  43 orcs
  9 bats
  A bat zombie (D:10)
  8 endoplasms
  A giant cockroach (D:1)
  10 hobgoblins
  12 jackals
  3 quokkas (D:1)
  7 ball pythons
  4 frilled lizards
  17 goblins
  8 kobolds
  14 rats
  2 rat zombies (D:10)
308 creatures vanquished.

Vanquished Creatures (others)
  A queen bee (Lair:1)
  3 killer bees (Lair:1)
  46 fungi
  43 plants
93 creatures vanquished.

Grand Total: 401 creatures vanquished

Notes
Turn   | Place    | Note
-------+----------+-------------------------------------------
     0 | D:1      | Lavandula the Human Monk began the quest for the Orb.
     0 | D:1      | Reached XP level 1. HP: 18/18 MP: 1/1
   137 | D:1      | Reached XP level 2. HP: 24/24 MP: 2/2
   443 | D:1      | Reached skill level 4 in Long Blades
   443 | D:1      | Reached XP level 3. HP: 22/29 MP: 3/3
   719 | D:2      | Found an ancient bone altar of Kikubaaqudgha.
   816 | D:2      | Reached XP level 4. HP: 23/35 MP: 4/4
   951 | D:2      | Identified the ring of Pantheism {rPois rC+ Dex+6 Slay-5}
  1317 | D:2      | Reached skill level 5 in Long Blades
  1336 | D:2      | Reached XP level 5. HP: 23/41 MP: 5/5
  1849 | D:3      | Noticed Jessica
  1874 | D:3      | Reached skill level 6 in Long Blades
  1907 | D:3      | Reached XP level 6. HP: 19/47 MP: 6/6
  1942 | D:3      | Killed Jessica
  1966 | D:3      | Noticed an ogre
  2035 | D:4      | Reached skill level 7 in Long Blades
  2084 | D:4      | Reached XP level 7. HP: 43/52 MP: 7/7
  2261 | D:4      | Reached skill level 8 in Long Blades
  3008 | D:4      | Found a white marble altar of Elyvilon.
  3045 | D:4      | Reached XP level 8. HP: 52/58 MP: 8/8
  3193 | D:5      | Entered Level 5 of the Dungeon
  3229 | D:4      | Reached skill level 9 in Long Blades
  3271 | D:5      | Noticed Grinder
  3622 | D:6      | Reached skill level 10 in Long Blades
  3924 | D:6      | Identified the +6 long sword "Obloefa" {freeze, rF++ Str+8}
  4216 | D:7      | Noticed a wyvern
  4225 | D:6      | Killed a wyvern
  4339 | D:7      | Reached XP level 9. HP: 57/63 MP: 9/9
  4373 | D:7      | Reached skill level 11 in Long Blades
  4516 | D:7      | Noticed a hornet
  4524 | D:7      | Paralysed by a hornet for 1 turns
  4528 | D:7      | Killed a hornet
  4552 | D:7      | Reached skill level 12 in Long Blades
  5093 | D:5      | Killed Grinder
  5122 | D:5      | Found a staircase to the Ecumenical Temple.
  5207 | Temple   | Entered the Ecumenical Temple
  5346 | D:4      | Became a worshipper of Elyvilon the Healer
  5346 | D:4      | Reached * piety under Elyvilon
  5346 | D:4      | Reached ** piety under Elyvilon
  5470 | D:8      | Reached skill level 13 in Long Blades
  5506 | D:8      | Found a stormy altar of Qazlal.
  5604 | D:8      | Reached XP level 10. HP: 50/70 MP: 10/10
  5668 | D:8      | Found a shimmering altar of Xom.
  5670 | D:8      | Found a burning altar of Makhleb.
  5670 | D:8      | Found an ancient bone altar of Kikubaaqudgha.
  5672 | D:8      | Found a glowing golden altar of the Shining One.
  5672 | D:8      | Found a burning altar of Makhleb.
  5672 | D:8      | Found a burning altar of Makhleb.
  6077 | D:8      | Found a shadowy altar of Dithmenos.
  6235 | D:9      | Reached *** piety under Elyvilon
  6281 | D:9      | Reached skill level 14 in Long Blades
  6304 | D:9      | Found a staircase to the Lair.
  6332 | D:9      | Reached skill level 15 in Long Blades
  6491 | D:9      | Found a bloodstained altar of Trog.
  6580 | D:9      | Noticed a kobold demonologist
  6581 | D:9      | Noticed a kobold demonologist
  6590 | D:9      | Killed a kobold demonologist
  6597 | D:9      | Killed a kobold demonologist
  6606 | D:9      | Reached XP level 11. HP: 51/75 MP: 11/11
  6816 | D:9      | Reached skill level 1 in Armour
  6889 | D:9      | Noticed Harold
  6903 | D:9      | HP: 2/75 [vampire mosquito (2)]
  6923 | D:10     | Entered Level 10 of the Dungeon
  6926 | D:10     | Reached skill level 1 in Invocations
  7050 | D:10     | Noticed a wolf spider
  7059 | D:10     | Pacified a wolf spider
  7135 | D:10     | Noticed a yaktaur captain
  7153 | D:10     | Elyvilon protects you from harm!
  7165 | D:10     | Killed a yaktaur captain
  7166 | D:10     | Reached skill level 5 in Invocations
  7343 | D:10     | Identified the +6 scale mail of the Vacuum {-Tele rN+
                  | Int+3}
  7543 | D:10     | Noticed a two-headed ogre
  7554 | D:10     | Killed a two-headed ogre
  7739 | D:10     | Reached **** piety under Elyvilon
  7808 | D:10     | Found an ancient bone altar of Kikubaaqudgha.
  8457 | D:9      | Killed Harold
  8501 | D:9      | Found a snail-covered altar of Cheibriados.
  8936 | D:11     | Noticed a manticore
  8946 | D:11     | Noticed Sonja
  8957 | D:11     | Elyvilon protects you from harm!
  8958 | D:11     | HP: 1/75 [yak (9)]
  9053 | Lair:1   | Entered Level 1 of the Lair of Beasts
  9053 | Lair:1   | Noticed Amaemon
  9062 | Lair:1   | Killed Amaemon
  9063 | Lair:1   | Reached skill level 10 in Invocations
  9063 | Lair:1   | Reached XP level 12. HP: 68/81 MP: 19/19
  9202 | Lair:1   | Reached skill level 5 in Dodging
  9210 | Lair:1   | HP: 3/81 [cane toad (16)]
  9707 | Lair:1   | Noticed Erica
  9762 | Lair:1   | Killed Erica
  9928 | Lair:1   | Got the Quarto of Elliptic Forms
 10298 | Lair:2   | Found a gate leading to a gauntlet.
 10338 | Lair:2   | Identified the +5 dagger "Niofuig" {venom, Str+2 Int+3
                  | Dex-5}
 10349 | Gauntlet | Entered a Gauntlet
 10349 | Gauntlet | Noticed a balrug
 10349 | Gauntlet | Found a transporter.
 10349 | Gauntlet | Found a transporter.
 10349 | Gauntlet | Found a transporter.
 10365 | Gauntlet | Found a transporter.
 10369 | Gauntlet | Found a transporter.
 10376 | Gauntlet | Noticed a catoblepas
 10384 | Gauntlet | Found a transporter.
 10400 | Gauntlet | Found a transporter.
 10406 | Gauntlet | Found a transporter.
 10414 | Gauntlet | Found a transporter.
 10431 | Gauntlet | Found a transporter.
 10439 | Gauntlet | Found a transporter.
 10456 | Gauntlet | Found a transporter.
 10520 | Gauntlet | Got the Octavo of the Reshaped Retinue
 10540 | Gauntlet | Learned a level 2 spell: Blink
 10553 | Gauntlet | Identified the ring "Uniduif" {Fire rPois}
 10569 | Gauntlet | Killed a catoblepas
 10602 | Gauntlet | Identified the +3 halberd "Kojav" {drain, *Noise rC+++
                  | Int-2 Stlth+}
 10602 | Gauntlet | Noticed a minotaur
 10611 | Gauntlet | Elyvilon protects you from harm!
 10612 | Gauntlet | Slain by a minotaur

Illustrated notes

Levels and vault maps discovered:
D:1:      scummos_arrival_gate, layout_basic
D:2:      layout_loops_ring, basic_altar
D:3:      layout_rooms, minmay_ogre_servants, uniq_jessica
D:4:      cheibrodos_helix_gallery, layout_basic, kennysheep_ying_yang,
          roderic_batcave, minmay_goblin_outpost
D:5:      layout_rooms, vehumet_crystals, minmay_temple_entry_arrows,
          uniq_menkaure, uniq_grinder
D:6:      layout_loops_cross, hangedman_decor_points, dreamdust_princess_bridge
D:7:      layout_loops_ring
D:8:      layout_gridville, nicolae_dithmenos_through_a_glass_darkly,
          doesnt_xom_only_xom, lemuel_crystal_altar, feat_on_display
D:9:      layout_basic, mainiacjoe_overflow_catch_the_wave,
          due_lair_maze_entry_diamond, hangedman_decor_riveting, uniq_harold
D:10:     minmay_the_grid_four_pointed_star_mashed
          [minmay_the_grid_triangle_9x9_limited_checkers,
          minmay_the_grid_triangle_9x9_cache,
          minmay_the_grid_triangle_9x9_thin_v,
          minmay_the_grid_triangle_9x9_dagger,
          minmay_the_grid_prize_diamond_cup], layout_stronghold,
          lemuel_zombie_altar_kikubaaqudgha, minmay_misc_feat_diagonals
D:11:     layout_rooms, st_stairs_10, uniq_sonja
Temple:   compressed_dpeg_triangle_lava_temple
Lair:1:   layout_roguey, special_room [special_room_bee], uniq_amaemon,
          uniq_erica
Lair:2:   layout_regular_city, elwin_shoals_entry_rocks, gauntlet_entry_generic,
          grunt_megastairs_1, serial_bayou_shore_a
Gauntlet: gammafunk_gauntlet_shortcut [gammafunk_gauntlet_arena_grid,
          gammafunk_gauntlet_arena_mazey, gammafunk_gauntlet_arena_crates,
          nicolae_gauntlet_arena_flowing_pool, nicolae_gauntlet_arena_blocks,
          nicolae_gauntlet_swirl, gauntlet_exit_hidden_loot]

Skill      XL: |  1  2  3  4  5  6  7  8  9 10 11 12 |
---------------+-------------------------------------+-----
Long Blades    | 4 5 6 7 8 10 13 15 | 15.6
Armour         | 3 |  3.0
Invocations    | 10 | 10.2
Dodging        | 8 |  8.6
Translocations | 2 |  2.1
Fighting       | |  3.0
Stealth        | |  2.0

Action                     |  1- 3 |  4- 6 |  7- 9 | 10-12 || total
---------------------------+-------+-------+-------+-------++-------
  Melee: Falchion          |    83 |   207 |   258 |       ||   548
         Punch             |       |       |     6 |     7 ||    13
         Long sword        |       |       |    85 |   321 ||   406
         Scimitar          |       |       |       |   235 ||   235
  Throw: Dart              |       |     5 |    15 |    27 ||    47
         Javelin           |       |       |     4 |    12 ||    16
 Invoke: Heal Self         |       |       |       |    16 ||    16
         Heal Other        |       |       |       |     8 ||     8
  Evoke: Wand              |       |       |     4 |     1 ||     5
         Tin of tremorston |       |       |       |     2 ||     2
    Use: Potion            |       |     3 |     5 |     9 ||    17
         Scroll            |       |     1 |     4 |     9 ||    14
   Stab: Sleeping          |     3 |     1 |     4 |     1 ||     9
         Distracted        |     1 |       |       |       ||     1
         Invisible         |       |       |     2 |       ||     2
 Armour: Robe              |     4 |       |       |       ||     4
         Leather armour    |    23 |     7 |    70 |    40 ||   140
         Ring mail         |       |    46 |    97 |       ||   143
         Skin              |       |    12 |    19 |    30 ||    61
         Scale mail        |       |       |    34 |       ||    34
         Acid dragon scale |       |       |       |   198 ||   198
  Dodge: Dodged            |    47 |   114 |   253 |   417 ||   831

Table legend: (Time is in decaauts)
 A = Elapsed time spent in this place.
 B = Non-inter-level travel time spent in this place.
 C = Inter-level travel time spent in this place.
 D = Time resting spent in this place.
 E = Time spent auto-exploring this place.
 F = Levels seen in this place.
 G = Mean time per level.
                   A        B        C        D        E       F      G
               +--------+--------+--------+--------+--------+-----+--------+
         Total |  10481 |   9785 |    696 |    397 |   6619 |  15 |  698.7 |
       Dungeon |   8930 |   8268 |    662 |    328 |   5772 |  11 |  811.8 |
        Temple |     73 |     56 |     17 |      0 |     31 |   1 |   73.0 |
          Lair |   1222 |   1206 |     16 |     44 |    816 |   2 |  611.0 |
      Gauntlet |    255 |    255 |      0 |     25 |      0 |   1 |  255.0 |
               +--------+--------+--------+--------+--------+-----+--------+

Top non-repeatable levels by time:
    D:10: 1396 daAuts
     D:9: 1290 daAuts
  Lair:1: 1120 daAuts
     D:4: 1047 daAuts
     D:6: 916 daAuts
     D:2: 894 daAuts
     D:7: 808 daAuts
     D:8: 795 daAuts
     D:1: 704 daAuts
     D:3: 687 daAuts
     D:5: 262 daAuts
Gauntlet: 255 daAuts
    D:11: 125 daAuts
  Lair:2: 101 daAuts
  Temple: 73 daAuts
